[Event "Titled Tuesday Blitz July 26 Late 2022"]
[White "Silvestre, Christian"]
[Black "Voege, Tobias"]
[WhiteFideId "30956269"]
[BlackFideId "1270513"]
[WhiteElo "2329"]
[BlackElo "2379"]
[Result "0-1"]
[Round "11"]
[TimeControl "180+1"]
[Date "2022.07.27"]
[WhiteClock "0:00:01"]
[BlackClock "0:00:14"]

1. d4 Nf6 2. Bg5 g6 3. Nc3 d5 4. Nf3 Bg7 5. e3 O-O 6. Be2 c5 7. O-O Nc6 8. dxc5 e6 9. a3 a5 10. Nd4 h6 11. Bh4 Qe7 12. Nxc6 bxc6 13. b4 g5 14. Bg3 axb4 15. Bd6 Qd8 16. Bxf8 Qxf8 17. Na2 bxa3 18. Rb1 Qxc5 19. Bd3 Nd7 20. Qh5 Ne5 21. h4 Qe7 22. hxg5 Qxg5 23. Qe2 Qf6 24. f4 Nd7 25. c4 Nc5 26. cxd5 Nxd3 27. Qxd3 Ba6 28. Qc2 Bxf1 29. Qxc6 Rd8 30. Rxf1 exd5 31. Qc7 Re8 32. Qa7 Qb2 33. Qa4 Rxe3 34. Qa8+ Kh7 35. Qxd5 Qd4 36. Qf5+ Kg8 37. Kh2 Re6 38. Rf3 Qd6 39. Rg3 Rg6 40. Rxg6 fxg6 41. Qc8+ Kh7 42. Kg3 Qd3+ 43. Kh2 Qd2 44. Qg4 Qxa2 45. f5 Qf7 46. fxg6+ Qxg6 47. Qa4 Qd3 48. Qb3 Be5+ 0-1


[Site "https://www.chess.com"]

[Event "Titled Tuesday Blitz July 26 Late 2022"]
[White "Souleidis, Georgios"]
[Black "Gallana, Marco"]
[WhiteFideId "4206827"]
[BlackFideId "824542"]
[WhiteElo "2401"]
[BlackElo "2290"]
[Result "1-0"]
[Round "11"]
[TimeControl "180+1"]
[Date "2022.07.26"]
[WhiteClock "0:00:14"]
[BlackClock "0:00:02"]

1. e4 c5 2. Be2 Nc6 3. d3 Nf6 4. f4 d5 5. e5 Ng8 6. Nf3 Bg4 7. O-O e6 8. c3 Nge7 9. Be3 Nf5 10. Bf2 h5 11. Na3 a6 12. Nc2 Be7 13. d4 Qb6 14. Rb1 Rc8 15. a3 Bxf3 16. Bxf3 cxd4 17. Nxd4 Ncxd4 18. cxd4 g6 19. Qd2 O-O 20. Rfc1 a5 21. g3 a4 22. h3 Qb3 23. Kg2 b5 24. Bd1 Qa2 25. Ra1 Rxc1 26. Rxa2 Rfc8 27. b3 R1c3 28. bxa4 bxa4 29. Bxa4 Bxa3 30. Rc2 Bb4 31. Rxc3 Rxc3 32. Qb2 Ba5 33. Bc2 Ne3+ 34. Bxe3 Rxe3 35. Ba4 Bc3 36. Qb8+ Kg7 37. Qd8 Bxd4 38. Qf6+ Kg8 39. Be8 Re2+ 40. Kf1 Rf2+ 41. Ke1 1-0


[Site "https://www.chess.com"]

[Event "Titled Tuesday Blitz July 26 Late 2022"]
[White "Tinmaz, Kerem"]
[Black "Buchenau, Frank"]
[WhiteFideId "44559151"]
[BlackFideId "4604350"]
[WhiteElo "1443"]
[BlackElo "2157"]
[Result "1-0"]
[Round "11"]
[TimeControl "180+1"]
[Date "2022.07.27"]
[WhiteClock "0:00:03"]
[BlackClock "0:00:11"]

1. e4 e6 2. d4 d5 3. Nd2 c5 4. Ngf3 cxd4 5. Nxd4 Nc6 6. Bb5 Bd7 7. Nxc6 bxc6 8. Bd3 Bd6 9. O-O Ne7 10. Qe2 Qc7 11. Nf3 O-O 12. e5 Bc5 13. Be3 Bxe3 14. Qxe3 Ng6 15. h4 f6 16. Rae1 Nxe5 17. Nxe5 fxe5 18. Qxe5 Qxe5 19. Rxe5 Rab8 20. b3 a5 21. a4 Rb4 22. g3 c5 23. Rd1 c4 24. bxc4 dxc4 25. Bxh7+ Kxh7 26. Rxd7 Rxa4 27. Rxe6 Ra2 28. Ree7 Rg8 29. c3 Rc2 30. Ra7 Rxc3 31. Rxa5 Rf3 32. Rh5+ Kg6 33. Rg5+ Kh6 34. Re6+ g6 35. Rc6 c3 36. Kg2 Rd3 37. Rgc5 Rgd8 38. Rxc3 Rxc3 39. Rxc3 Rd5 40. g4 Kg7 41. Kg3 Kf6 42. f4 Rd6 43. Re3 Ra6 44. g5+ Kf7 45. Kg4 Ra4 46. Rf3 Rb4 47. h5 gxh5+ 48. Kxh5 Rb1 49. Ra3 Ke6 50. Kg6 Rf1 51. f5+ Ke5 52. f6 Kf4 53. f7 Kg4 54. Kg7 Kxg5 55. f8=Q 1-0


[Site "https://www.chess.com"]

[Event "Titled Tuesday Blitz July 26 Late 2022"]
[White "Vagman, Roy"]
[Black "Zhukova, Natalia"]
[WhiteFideId "2828995"]
[BlackFideId "14101513"]
[WhiteElo "1956"]
[BlackElo "2296"]
[Result "0-1"]
[Round "11"]
[TimeControl "180+1"]
[Date "2022.07.27"]
[WhiteClock "0:00:16"]
[BlackClock "0:00:10"]

1. d4 Nf6 2. Bf4 d5 3. Nf3 e6 4. e3 c5 5. c3 Nc6 6. Be2 Be7 7. h3 Bd6 8. Bxd6 Qxd6 9. O-O e5 10. dxe5 Nxe5 11. Nxe5 Qxe5 12. Nd2 O-O 13. c4 Rd8 14. b3 Qe7 15. Qc1 b6 16. cxd5 Nxd5 17. a3 Nxe3 18. Re1 Nxg2 19. Kxg2 Qg5+ 20. Bg4 Bxg4 21. Ne4 Qxc1 22. Raxc1 Be6 23. b4 c4 24. b5 h6 25. Re3 Rd5 26. Kh2 Rxb5 27. Rg1 Kh7 28. Reg3 g6 29. Rf3 Rf5 30. Re3 Bd5 31. f3 Kg7 32. Nd6 Rg5 33. Rd1 Be6 34. f4 Rc5 35. Ne4 Rd5 36. Rc1 Rd3 37. Re2 Rxh3+ 38. Kg2 Rxa3 39. Nd6 Bd5+ 40. Kh2 Rd8 41. Ne8+ Kf8 42. Nf6 Be6 43. Rg1 c3 44. Rc1 Rd2 45. Re1 Rxe2+ 46. Rxe2 Ra2 47. Nd7+ Ke7 48. Rxa2 Bxa2 49. Ne5 c2 50. Nd3 Bc4 51. Nc1 b5 52. Kg3 b4 53. f5 b3 54. fxg6 fxg6 55. Nxb3 Bxb3 56. Kf4 c1=Q+ 57. Ke5 Qe3# 0-1


[Site "https://www.chess.com"]

[Event "Titled Tuesday Blitz July 26 Late 2022"]
[White "Van Dael, Siem"]
[Black "Ansh M Shah"]
[WhiteFideId "1049771"]
[BlackFideId "25033379"]
[WhiteElo "2113"]
[BlackElo "1819"]
[Result "0-1"]
[Round "11"]
[TimeControl "180+1"]
[Date "2022.07.27"]
[WhiteClock "0:01:21"]
[BlackClock "0:00:33"]

1. e4 c6 2. d4 d5 3. Nd2 dxe4 4. Nxe4 Nf6 5. Nxf6+ exf6 6. c3 Bd6 7. Bd3 O-O 8. Qc2 Re8+ 9. Ne2 h5 10. O-O Be6 11. Ng3 h4 12. Nf5 Bxf5 13. Bxf5 Nd7 14. Bd2 Nf8 15. Rae1 g6 16. Bd3 Kg7 17. h3 Qc7 18. c4 c5 19. d5 Be5 20. Bc3 Nd7 21. f4 Bd4+ 22. Bxd4 cxd4 23. Kh1 Rxe1 24. Rxe1 Qxf4 25. Re7 Qd6 26. Re4 Nc5 27. Rxd4 Re8 28. Bf1 Re1 29. Rd1 Rxd1 30. Qxd1 Ne4 31. Qf3 Ng3+ 32. Kg1 Qe5 33. Qd3 Qxb2 34. d6 Qb6+ 35. Kh2 Nxf1+ 36. Qxf1 Qxd6+ 37. Kh1 b6 38. Qe1 Qd4 39. Qc1 a6 40. Qa3 Qxc4 41. Qb2 b5 0-1


[Site "https://www.chess.com"]

[Event "Titled Tuesday Blitz July 26 Late 2022"]
[White "Vazquez Espino, Uriel"]
[Black "Arencibia Monduy, Antonio"]
[WhiteFideId "5119138"]
[BlackFideId "3507939"]
[WhiteElo "2370"]
[BlackElo "2485"]
[Result "0-1"]
[Round "11"]
[TimeControl "180+1"]
[Date "2022.07.27"]
[WhiteClock "0:00:28"]
[BlackClock "0:01:37"]

1. e4 e6 2. d4 d5 3. Nc3 dxe4 4. Nxe4 Nd7 5. Nf3 Ngf6 6. Nxf6+ Nxf6 7. Bd3 c5 8. Bg5 cxd4 9. Nxd4 Qa5+ 10. Bd2 Qd5 11. Nf3 Be7 12. O-O O-O 13. Bc3 Rd8 14. Qe2 b6 15. Bxf6 Bxf6 16. Be4 Ba6 17. Bxd5 Bxe2 18. Bxa8 Bxf1 19. Kxf1 Rxa8 20. c3 Rd8 21. Ke2 Kf8 22. a4 Ke7 23. Nd2 Be5 24. Nc4 Bc7 25. Ra3 e5 26. Rb3 Rd5 27. Ne3 Rd7 28. Rb4 Ke6 29. Rc4 f5 30. Rc6+ Bd6 31. Nc4 Kd5 32. Rxd6+ Rxd6 33. Nxd6 Kxd6 34. Kd3 Kd5 35. b4 e4+ 36. Kd2 Kc4 37. Kc2 a5 38. bxa5 bxa5 39. g3 g5 40. h3 h5 41. h4 gxh4 42. gxh4 f4 43. Kd2 Kb3 44. f3 e3+ 45. Kd3 Kxa4 46. c4 Kb4 47. Kd4 e2 48. c5 e1=Q 0-1


[Site "https://www.chess.com"]

[Event "Titled Tuesday Blitz July 26 Late 2022"]
[White "Veiga, Jose Francisco R P Neves"]
[Black "Baltaci, Ismail Tarik"]
[WhiteFideId "1930087"]
[BlackFideId "6365213"]
[WhiteElo "2288"]
[BlackElo "2279"]
[Result "0-1"]
[Round "11"]
[TimeControl "180+1"]
[Date "2022.07.27"]
[WhiteClock "0:00:02"]
[BlackClock "0:00:08"]

1. e4 c5 2. Nf3 d6 3. Bb5+ Nd7 4. O-O a6 5. Bd3 Ngf6 6. Re1 b5 7. c4 b4 8. Bc2 Bb7 9. a3 a5 10. axb4 axb4 11. Rxa8 Qxa8 12. d3 g6 13. Nbd2 Bg7 14. Nf1 O-O 15. Ng3 Qa1 16. h4 Nb6 17. Qe2 Qa2 18. h5 Nfd7 19. h6 Bh8 20. Ng5 b3 21. Bd1 Na4 22. f4 Nxb2 23. f5 Nxd1 24. Qxd1 Bd4+ 25. Kh2 Ne5 26. Bf4 Qc2 27. Bxe5 Qxd1 28. Rxd1 Bxe5 29. Nf3 Bh8 30. Rb1 b2 31. d4 cxd4 32. Rxb2 Bc6 33. Rd2 Be5 34. Kh3 Bxg3 35. Kxg3 Bxe4 36. fxg6 hxg6 37. Rxd4 Bf5 38. Rf4 Kh7 39. Rh4 f6 40. Nd4 Bd7 41. Rh1 Rc8 42. Rc1 Kxh6 43. Ne2 Be6 44. Nf4 Bxc4 45. Rh1+ Kg7 46. Rc1 Ba6 47. Ra1 Ra8 48. Rc1 g5 49. Nd5 Bb7 50. Nxe7 Ra3+ 51. Kh2 Ra2 52. Nf5+ Kg6 53. Ne3 f5 54. Nc4 Rxg2+ 55. Kh3 g4+ 56. Kh4 Be4 57. Nxd6 Rc2 58. Kg3 Rxc1 0-1


[Site "https://www.chess.com"]

[Event "Titled Tuesday Blitz July 26 Late 2022"]
[White "Vivekananthan, Anish"]
[Black "Zhu, Jiner"]
[WhiteFideId "2090775"]
[BlackFideId "8608059"]
[WhiteElo "2780"]
[BlackElo "2281"]
[Result "1-0"]
[Round "11"]
[TimeControl "180+1"]
[Date "2022.07.26"]
[WhiteClock "0:00:40"]
[BlackClock "0:00:01"]

1. d4 Nf6 2. c4 g6 3. Nf3 Bg7 4. g3 O-O 5. Bg2 d6 6. O-O c6 7. Nc3 Nbd7 8. e4 e5 9. Qc2 Qa5 10. Rd1 Re8 11. h3 exd4 12. Nxd4 Nb6 13. Nce2 Qe5 14. Bf4 Qe7 15. Nc3 Nxc4 16. b3 Ne5 17. Rac1 a6 18. Na4 Qc7 19. Be3 b5 20. Nc3 c5 21. Ndxb5 axb5 22. Nxb5 Qa5 23. Nxd6 Be6 24. Nxe8 Rxe8 25. Qxc5 Qxc5 26. Rxc5 Ned7 27. Rc7 Ra8 28. f4 Nf8 29. e5 Ne8 30. Re7 Rc8 31. Bb7 Rc7 32. Rxe8 Rxb7 33. Bc5 f6 34. exf6 Bh6 35. Rdd8 Rf7 36. g4 1-0


[Site "https://www.chess.com"]

[Event "Titled Tuesday Blitz July 26 Late 2022"]
[White "Vlassov, Nikolai"]
[Black "Kozin, Yuri"]
[WhiteFideId "4103360"]
[BlackFideId "4129920"]
[WhiteElo "2324"]
[BlackElo "2546"]
[Result "1-0"]
[Round "11"]
[TimeControl "180+1"]
[Date "2022.07.26"]
[WhiteClock "0:00:56"]
[BlackClock "0:00:01"]

1. e4 c5 2. c3 Nf6 3. e5 Nd5 4. d4 cxd4 5. cxd4 e6 6. Nc3 d6 7. f4 dxe5 8. fxe5 Bb4 9. Qd3 b6 10. Bd2 Ba6 11. Qg3 Kf8 12. Bxa6 Nxa6 13. Nf3 Rc8 14. Rc1 h6 15. O-O Nac7 16. Ne4 Be7 17. Rf2 Qd7 18. Rcf1 Kg8 19. Nh4 Rf8 20. Nf6+ Bxf6 21. exf6 Nxf6 22. Rxf6 Qxd4+ 23. Be3 Qxb2 24. Bxh6 Rxh6 25. Rxh6 Qd4+ 26. Kh1 Nd5 27. Rh5 Rc8 28. Nf3 Qf6 29. Nd2 1-0


[Site "https://www.chess.com"]

[Event "Titled Tuesday Blitz July 26 Late 2022"]
[White "Wagner, Dennis"]
[Black "Holt, Conrad"]
[WhiteFideId "24650684"]
[BlackFideId "2034387"]
[WhiteElo "2355"]
[BlackElo "2586"]
[Result "0-1"]
[Round "11"]
[TimeControl "180+1"]
[Date "2022.07.26"]
[WhiteClock "0:00:09"]
[BlackClock "0:00:16"]

1. e4 e6 2. d4 d5 3. Nc3 Nf6 4. e5 Nfd7 5. f4 c5 6. Nf3 Nc6 7. Be3 cxd4 8. Nxd4 Bc5 9. Qd2 O-O 10. O-O-O a6 11. Qf2 Bxd4 12. Bxd4 b5 13. Be3 Qa5 14. Kb1 b4 15. Ne2 Qc7 16. Nd4 Nxd4 17. Bxd4 a5 18. Bb5 Ba6 19. Bxd7 Qxd7 20. g4 Rfc8 21. Rd2 a4 22. b3 Rc3 23. f5 axb3 24. cxb3 exf5 25. Qxf5 Bd3+ 26. Rxd3 Qxf5 27. gxf5 Rxd3 28. Bc5 f6 29. e6 Rf3 30. Bxb4 Rxf5 31. Rd1 Re5 32. e7 Kf7 33. Bd6 Re2 34. a4 Ke6 35. Bc5 f5 36. a5 f4 37. Rd3 g5 38. h3 h5 39. b4 g4 40. b5 Kf7 41. b6 Rxa5 42. Rb3 Ra8 43. b7 Rb8 44. Bd6 f3 45. Bxb8 f2 46. Bf4 f1=Q+ 47. Bc1 Re1 48. b8=Q Rxc1+ 49. Kb2 Rb1+ 50. Ka3 Qc1+ 51. Ka4 Qc4+ 52. Qb4 Ra1+ 53. Ra3 Qa6+ 54. Kb3 Qxa3+ 55. Qxa3 Rxa3+ 56. Kxa3 gxh3 57. e8=Q+ Kxe8 58. Kb4 h2 59. Kc5 h1=Q 60. Kd6 d4 61. Ke5 d3 62. Kf6 d2 63. Kg5 d1=Q 64. Kh6 Qd6+ 65. Kh7 Qe4+ 66. Kh8 Qf6+ 0-1


[Site "https://www.chess.com"]

[Event "Titled Tuesday Blitz July 26 Late 2022"]
[White "Weetik, Vjacheslav"]
[Black "Schekachikhin, Maksim"]
[WhiteFideId "4153472"]
[BlackFideId "24177830"]
[WhiteElo "2469"]
[BlackElo "2239"]
[Result "1/2-1/2"]
[Round "11"]
[TimeControl "180+1"]
[Date "2022.07.26"]
[WhiteClock "0:00:17"]
[BlackClock "0:00:17"]

1. d4 d5 2. c4 c6 3. Nc3 dxc4 4. e3 b5 5. a4 b4 6. Na2 e6 7. Bxc4 a5 8. Nf3 Nf6 9. Bd2 c5 10. Nc1 Nbd7 11. Nb3 Be7 12. O-O O-O 13. Bb5 Bb7 14. Qe2 cxd4 15. Nbxd4 Qb6 16. Rfd1 Rac8 17. Be1 h6 18. h3 Nc5 19. Ne5 Bd5 20. f3 Nb3 21. Nxb3 Bxb3 22. Rdc1 Bd5 23. Bf2 Qb8 24. Nc6 Bxc6 25. Bxc6 Qe5 26. Rab1 Rfd8 27. Qb5 Qc7 28. e4 Rb8 29. Qe2 Bd6 30. Bb5 Bh2+ 31. Kh1 Qf4 32. Qe3 Nh5 33. Qxf4 Bxf4 34. Rd1 Bc7 35. g4 Nf4 36. h4 g5 37. h5 e5 38. b3 Ne6 39. Bc4 Nd4 40. Kg2 Bb6 41. Rd3 Kg7 42. Rbd1 f6 43. Bg3 Kf8 44. Bf2 Ke7 45. Rc1 Rbc8 46. Rcd1 Rd6 47. Be3 Rcd8 48. Bf2 Bc5 49. Be3 Ne6 50. Rxd6 Rxd6 51. Rxd6 Kxd6 52. Bxe6 Bxe3 53. Bc4 Kc5 54. Kf1 Kd4 55. Ke2 Bf4 56. Bf7 Be3 57. Bc4 Bf4 58. Bf7 Be3 59. Bc4 1/2-1/2


[Site "https://www.chess.com"]

[Event "Titled Tuesday Blitz July 26 Late 2022"]
[White "Wu, Rochelle"]
[Black "Krstulovic, Alex"]
[WhiteFideId "30908132"]
[BlackFideId "760056"]
[WhiteElo "2168"]
[BlackElo "2244"]
[Result "1/2-1/2"]
[Round "11"]
[TimeControl "180+1"]
[Date "2022.07.26"]
[WhiteClock "0:00:13"]
[BlackClock "0:00:02"]

1. g3 h5 2. h4 e5 3. Bg2 Nc6 4. c3 Nf6 5. d4 exd4 6. cxd4 d5 7. Nc3 Be6 8. Qb3 Nxd4 9. Qa4+ Nc6 10. Bf4 Bb4 11. a3 Bxc3+ 12. bxc3 Qe7 13. Nf3 Ne4 14. Qb3 Nc5 15. Qc2 Bg4 16. O-O O-O-O 17. Rab1 Na5 18. Nd4 Nc4 19. Nb5 a6 20. Nxc7 Nxa3 21. Qb2 Nxb1 22. Nxd5 Rxd5 23. Bxd5 Rd8 24. c4 Bf5 25. Rxb1 Bxb1 26. Qxb1 Ne6 27. Be3 Rd7 28. Qb6 Qd6 29. Bxb7+ Kb8 30. Bc6+ Kc8 31. Qxa6+ Kd8 32. Qa8+ Ke7 33. Bxd7 Qxd7 34. c5 Qd1+ 35. Kg2 Qxe2 36. Qb7+ Kf6 37. c6 Qc2 38. Qd7 Qe4+ 39. Kh2 Qe5 40. Bd4 Nxd4 41. c7 Nf3+ 42. Kg2 Qe4 43. c8=Q Nd2+ 44. Kg1 Nf3+ 45. Kf1 Nh2+ 46. Kg1 Nf3+ 47. Kg2 Nd2+ 48. Kh2 Nf3+ 49. Kh3 Ng1+ 50. Kh2 Nf3+ 51. Kg2 1/2-1/2


[Site "https://www.chess.com"]

[Event "Titled Tuesday Blitz July 26 Late 2022"]
[White "Yoo, Christopher Woojin"]
[Black "Nagy, Gabor"]
[WhiteFideId "30909694"]
[BlackFideId "737119"]
[WhiteElo "2105"]
[BlackElo "2530"]
[Result "1/2-1/2"]
[Round "11"]
[TimeControl "180+1"]
[Date "2022.07.26"]
[WhiteClock "0:00:29"]
[BlackClock "0:00:59"]

1. e4 c5 2. Nf3 e6 3. c3 Nf6 4. e5 Nd5 5. d4 cxd4 6. cxd4 d6 7. Bc4 Nc6 8. O-O Be7 9. Qe2 O-O 10. Rd1 dxe5 11. dxe5 Bd7 12. Bd2 Qc7 13. Nc3 Nxc3 14. Bxc3 Rad8 15. Qe4 g6 16. h4 Nb4 17. Bxb4 Bxb4 18. Qf4 Be7 19. h5 Bc6 20. hxg6 fxg6 21. Bxe6+ Kg7 22. Qg3 Bxf3 23. gxf3 Bc5 24. Rac1 Qe7 25. Bg4 Rxd1+ 26. Rxd1 Rd8 27. Rxd8 Qxd8 28. Kg2 Qd4 29. b3 b6 30. f4 a5 31. Bf3 Be7 32. f5 Bh4 33. f6+ Kh6 34. Qh3 Qxf2+ 35. Kh1 Qe1+ 36. Kg2 Qf2+ 37. Kh1 Qe1+ 38. Kg2 Qf2+ 1/2-1/2


[Site "https://www.chess.com"]

[Event "Titled Tuesday Blitz July 26 Late 2022"]
[White "Yuan, Qingyu"]
[Black "Krastev, Alexander"]
[WhiteFideId "8609772"]
[BlackFideId "12989983"]
[WhiteElo "2359"]
[BlackElo "2565"]
[Result "1/2-1/2"]
[Round "11"]
[TimeControl "180+1"]
[Date "2022.07.26"]
[WhiteClock "0:00:13"]
[BlackClock "0:00:17"]

1. e4 c5 2. Nf3 Nc6 3. Bc4 e6 4. O-O d5 5. Bb5 dxe4 6. Ne5 Ne7 7. Bxc6+ Nxc6 8. Nxc6 bxc6 9. Nc3 f5 10. Qe2 Be7 11. Rd1 O-O 12. d3 exd3 13. Rxd3 Qc7 14. Rd1 Rb8 15. b3 Bf6 16. Bb2 Kh8 17. Na4 Bxb2 18. Nxb2 e5 19. Rd2 Be6 20. Nd3 c4 21. Qxe5 Qd7 22. Nc5 Qxd2 23. Nxe6 Rg8 24. Nxg7 Qd5 25. Qxd5 cxd5 26. Nxf5 Rge8 27. Kf1 Re5 28. Nd4 Re4 29. Rd1 Rc8 30. f3 Re3 31. Kf2 Rc3 32. Rd2 cxb3 33. axb3 a5 34. Ke2 Kg7 35. Kd1 Kf6 36. Ne2 R3c5 37. Nf4 Rd8 38. Nd3 Rb5 39. Nf4 d4 40. Ne2 Ke5 41. Rd3 Rbd5 42. Kd2 R5d6 43. Kc1 Rd5 44. Kb2 Rc8 45. Rd2 Rc7 46. Nc1 Rc8 47. Nd3+ Kf5 48. Re2 Kg5 49. Kc1 Rb5 50. Kb2 Rd5 51. Nf2 Kg6 52. g3 Rb5 53. h4 a4 54. Rd2 axb3 55. cxb3 Rc3 56. Rxd4 Rbxb3+ 57. Ka2 Ra3+ 58. Kb2 Rab3+ 59. Ka2 Rxf3 60. Ne4 Rbe3 61. Rd6+ Kf5 62. Nd2 Rxg3 63. Kb2 Re2 64. Kc1 Rh2 65. Rd5+ Ke6 66. Rd4 Rg1+ 67. Kc2 Rgg2 68. Kc3 Ke5 69. Nf3+ Kf5 70. Nxh2 Rxh2 71. Kd3 Ra2 72. Ke3 Ra3+ 73. Kf2 h5 74. Kg2 Ra2+ 75. Kg3 Ra3+ 76. Kg2 Re3 77. Rb4 Re4 78. Rxe4 Kxe4 79. Kg3 Ke3 80. Kg2 Kf4 81. Kf2 Kg4 82. Kg2 Kxh4 83. Kh2 Kg4 84. Kg1 h4 85. Kh2 Kf3 86. Kg1 Kg3 87. Kh1 Kg4 88. Kh2 Kf3 89. Kh1 Kg3 90. Kg1 Kh3 91. Kh1 Kg3 92. Kg1 h3 93. Kh1 h2 1/2-1/2


[Site "https://www.chess.com"]

[Event "Titled Tuesday Blitz July 26 Late 2022"]
[White "Zhigalko, Sergei"]
[Black "Oparin, Grigoriy"]
[WhiteFideId "13502956"]
[BlackFideId "24125890"]
[WhiteElo "2662"]
[BlackElo "2639"]
[Result "1/2-1/2"]
[Round "11"]
[TimeControl "180+1"]
[Date "2022.07.26"]
[WhiteClock "0:00:11"]
[BlackClock "0:01:06"]

1. e4 c6 2. d4 d5 3. e5 c5 4. Nf3 cxd4 5. Qxd4 Nc6 6. Qf4 e6 7. Bd3 h6 8. O-O Qc7 9. Re1 Bc5 10. Nc3 a6 11. Qg3 g5 12. h4 Nge7 13. hxg5 Rg8 14. Qh4 hxg5 15. Bxg5 Bd7 16. Bh7 Rxg5 17. Nxg5 O-O-O 18. Nxf7 Rf8 19. Nd6+ Kb8 20. Re2 Nxe5 21. Qxe7 Bxd6 22. Qg7 Rf7 23. Qg8+ Rf8 24. Qg7 Rf7 25. Qg8+ Rf8 26. Qg7 1/2-1/2


[Site "https://www.chess.com"]

[Event "Titled Tuesday Blitz July 26 Late 2022"]
[White "Zong, Davis"]
[Black "Nazaretyan, Tigran"]
[WhiteFideId "30903955"]
[BlackFideId "24162345"]
[WhiteElo "2061"]
[BlackElo "2179"]
[Result "0-1"]
[Round "11"]
[TimeControl "180+1"]
[Date "2022.07.26"]
[WhiteClock "0:00:01"]
[BlackClock "0:00:16"]

1. d4 Nf6 2. c4 c5 3. d5 e6 4. Nc3 exd5 5. cxd5 d6 6. e4 g6 7. h3 Bg7 8. Nf3 O-O 9. Bd3 b5 10. Nxb5 Nxe4 11. Bxe4 Re8 12. O-O Rxe4 13. Qc2 Bf5 14. Nc3 Re1 15. Qd2 Rxf1+ 16. Kxf1 Na6 17. b3 Nb4 18. Bb2 Nd3 19. g4 Be4 20. Nxe4 Nxb2 21. Rb1 Qe7 22. Nc3 Qf6 23. Rxb2 Qxf3 24. Rc2 Qxh3+ 25. Kg1 Qxg4+ 26. Kh1 Qh3+ 27. Kg1 Re8 28. Ne2 Re4 29. Ng3 Rd4 30. Qe2 Be5 31. Rc3 Rg4 32. Re3 Bxg3 33. fxg3 Rxg3+ 34. Rxg3 Qxg3+ 35. Kf1 Qf4+ 36. Kg2 Qg5+ 37. Kf1 Qxd5 38. Qe8+ Kg7 39. Qe7 Qf5+ 40. Kg2 Qc2+ 41. Kf1 Qb1+ 42. Kg2 Qxa2+ 43. Kg1 Qb1+ 44. Kg2 Qc2+ 45. Kg1 Qd1+ 46. Kg2 Qd5+ 47. Kg1 a5 48. Qc7 h5 49. Qxa5 Qxb3 50. Qc7 Qe3+ 51. Kg2 Qe5 52. Qc6 h4 53. Kh1 h3 54. Qd7 Qe4+ 55. Kh2 Qg2# 0-1